 Dungeon Crawl Stone Soup version 0.27-a0-1456-gf5a116941d (webtiles) character file.

Game seed: 17056085569150459227

102964 flotson the Fighter (level 16, -14/144 HPs)
             Began as a Hill Orc Delver on July 5, 2021.
             Was an Initiate of Gozag.
             Killed from afar by a fire giant (31 damage)
             ... with a fireball
             ... on level 15 of the Dungeon.
             The game lasted 01:00:35 (40772 turns).

flotson the Fighter (Hill Orc Delver)              Turns: 40772, Time: 01:00:36

Health: -14/144    AC: 27    Str: 24    XL:     16   Next: 34%
Magic:  16/16      EV: 20    Int: 10    God:    Gozag
Gold:   971        SH: 17    Dex:  9    Spells: 15/15 levels left

rFire    . . .     SeeInvis .   a - +8 trident of the Octopus King {venom, rElec rPois Will+}
rCold    + + +     Faith    .   t - +0 kite shield
rNeg     + + +     Spirit   .   p - +6 ice dragon scales of Voheq {Drain rPois rF- rC++ rN+++ Dex-3}
rPois    +         Reflect  +   h - +1 helmet of Fanaticism {Drain rElec rC+}
rElec    +         Harm     .   (no cloak)
rCorr    .         Rampage  .   R - +2 pair of gloves
Will     ++...                  z - +0 pair of boots
Stlth    +.........             O - amulet "Riwa" {Reflect rF+ Str+2 SH+5}
HPRegen  0.34/turn              W - ring of Tiuram {rPois rC++ EV+4}
MPRegen  0.15/turn              q - +4 ring of evasion

@: about to teleport, studying Shields
A: no striking features
a: Renounce Religion, Potion Petition, Call Merchant, Bribe Branch


You were on level 15 of the Dungeon.
You worshipped Gozag.
Gozag was pleased with you.
You visited 4 branches of the dungeon, and saw 24 of its levels.
You also visited: Gauntlet.

You collected 7493 gold pieces.
You spent 4388 gold pieces at shops.
You paid 2134 gold pieces to Gozag.

Inventory:

Hand Weapons
 a - the +8 trident of the Octopus King (weapon) {venom, rElec rPois Will+}
   (You took it off a minotaur in a Gauntlet)

   It poisons the flesh of those it strikes.
   rElec:     It insulates you from electricity.
   rPois:     It protects you from poison.
   Will:      It increases your willpower.
 b - the +6 hand crossbow of Red Defence {flame, Str+4}
   (You found it on level 4 of the Lair of Beasts)

   It causes projectiles fired from it to burn those they strike, causing extra
   injury to most foes and up to half again as much damage against particularly
   susceptible opponents.
   Str:       It affects your strength (+4).
 l - a +0 broad axe
 A - a +2 demon trident of draining
Missiles
 v - 9 atropa-tipped darts
 C - 231 bolts
 G - 5 curare-tipped darts (quivered)
 H - 4 throwing nets
 X - 17 javelins
Armour
 h - the +1 helmet of Fanaticism (worn) {Drain rElec rC+}
   (You found it on level 5 of the Dungeon)

   rC:        It protects you from cold.
   rElec:     It insulates you from electricity.
   Drain:     It drains your maximum health when unequipped.
 p - the +6 ice dragon scales of Voheq (worn) {Drain rPois rF- rC++ rN+++ Dex-3}
   (You bought it in a shop on level 2 of the Orcish Mines)

   Dex:       It affects your dexterity (-3).
   rF:        It makes you vulnerable to fire.
   rC:        It greatly protects you from cold.
   rPois:     It protects you from poison.
   rN:        It renders you almost immune to negative energy.
   Drain:     It drains your maximum health when unequipped.
 t - a +0 kite shield (worn)
 z - a +0 pair of boots (worn)
 F - the +5 robe of Night {Dark Will+ SInv}
   (You took it off a minotaur in a Gauntlet)

   SInv:      It lets you see invisible.
   Will:      It increases your willpower.
 R - a +2 pair of gloves (worn)
Jewellery
 o - a ring of see invisible
 q - a +4 ring of evasion (right hand)
 O - the amulet "Riwa" (around neck) {Reflect rF+ Str+2 SH+5}
   (You found it on level 3 of the Lair of Beasts)

   [amulet of reflection]

   It reflects blocked missile attacks.
   Str:       It affects your strength (+2).
   rF:        It protects you from fire.
   SH:        It affects your SH (+5).
 P - a ring of protection from fire
 W - the ring of Tiuram (left hand) {rPois rC++ EV+4}
   (You bought it in a shop on level 2 of the Orcish Mines)

   [ring of evasion]

   EV:        It affects your evasion (+4).
   rC:        It greatly protects you from cold.
   rPois:     It protects you from poison.
Wands
 g - a wand of digging (2)
 r - a wand of iceblast (17)
 w - a wand of mindburst (7)
 y - a wand of acid (5)
 K - a wand of polymorph (10)
 U - a wand of charming (7)
 Y - a wand of paralysis (9)
Scrolls
 c - 4 scrolls of fog
 d - 5 scrolls of enchant weapon
 e - 10 scrolls of teleportation
 i - 2 scrolls of vulnerability
 k - 6 scrolls of enchant armour
 s - 2 scrolls of holy word
 D - 4 scrolls of immolation
 J - a scroll of fear
 L - 3 scrolls of identify
 Q - 6 scrolls of magic mapping
 S - 3 scrolls of silence
 T - 7 scrolls of blinking
Potions
 f - 2 potions of attraction
 j - 4 potions of haste
 m - 3 potions of heal wounds
 n - 2 potions of lignification
 u - 2 potions of might
 x - a potion of flight
 B - a potion of cancellation
 E - 3 potions of resistance
 I - a potion of invisibility
 M - 2 potions of ambrosia
 V - 5 potions of curing
Miscellaneous
 N - a phial of floods
 Z - a lightning rod (4/4)


   Skills:
 + Level 13.4 Fighting
 - Level 12.4(13.2) Axes
 + Level 6.5(9.5) Polearms
 + Level 8.5 Crossbows
 - Level 6.0 Throwing
 + Level 12.0 Armour
 + Level 9.7 Dodging
 - Level 4.1 Stealth
 + Level 11.3 Shields
 + Level 11.1 Evocations


You had 15 spell levels left.
You didn't know any spells.
Your spell library contained the following spells:

 Spells                   Type           Power      Damage    Failure   Level
 Animate Skeleton         Necr           0%         N/A       80%         1
 Apportation              Tloc           0%         N/A       80%         1
 Corona                   Hex            0%         N/A       80%         1
 Foxfire                  Conj/Fire      0%         2x1d4     80%         1
 Freeze                   Ice            0%         1d3       80%         1
 Sandblast                Erth           0%         2d4       80%         1
 Sting                    Tmut/Pois      0%         1d3       80%         1
 Summon Small Mammal      Summ           0%         N/A       80%         1
 Blink                    Tloc           N/A        N/A       91%         2
 Ensorcelled Hibernation  Hex/Ice        0%         N/A       91%         2
 Passwall                 Tmut/Erth      0%         N/A       91%         2
 Poisonous Vapours        Pois/Air       0%         N/A       91%         2
 Slow                     Hex            0%         N/A       91%         2
 Confusing Touch          Hex            0%         N/A       99%         3
 Conjure Flame            Conj/Fire      0%         6-21      99%         3
 Dazzling Flash           Conj/Hex       0%         N/A       99%         3
 Frozen Ramparts          Ice            0%         1d2       99%         3
 Gell's Gravitas          Tloc           0%         N/A       99%         3
 Inner Flame              Hex/Fire       0%         N/A       99%         3
 Lesser Beckoning         Tloc           0%         N/A       99%         3
 Spider Form              Tmut/Pois      0%         N/A       99%         3
 Stone Arrow              Conj/Erth      0%         3d7       99%         3
 Swiftness                Air            0%         N/A       99%         3
 Teleport Other           Tloc           0%         N/A       99%         3
 Fulminant Prism          Conj/Hex       0%         3d6       100%        4
 Hailstorm                Conj/Ice       0%         3d3       100%        4
 Iskenderun's Mystic Bla  Conj/Tloc      0%         2d3       100%        4
 Olgreb's Toxic Radiance  Pois           0%         N/A       100%        4
 Passage of Golubria      Tloc           N/A        N/A       100%        4
 Agony                    Necr           0%         N/A       100%        5
 Alistair's Intoxication  Tmut/Pois      0%         N/A       100%        5
 Bolt of Magma            Conj/Fire/Erth 0%         4d4       100%        5
 Borgnjor's Vile Clutch   Necr/Erth      0%         N/A       100%        5
 Lee's Rapid Deconstruct  Erth           0%         3d5*      100%        5
 Manifold Assault         Tloc           0%         N/A       100%        5
 Silence                  Hex/Air        0%         N/A       100%        5
 Yara's Violent Unravell  Hex/Tmut       0%         3d3       100%        5
 Dispersal                Tloc           0%         N/A       100%        6
 Eringya's Noxious Bog    Tmut/Pois      0%         N/A       100%        6
 Invisibility             Hex            0%         N/A       100%        6
 Shadow Creatures         Summ           N/A        N/A       100%        6
 Lehudib's Crystal Spear  Conj/Erth      0%         10d2      100%        8
 Shatter                  Erth           0%         3d5*      100%        9


Dungeon Overview and Level Annotations

Branches:
Dungeon (15/15)            Temple (1/1) D:6            Lair (6/6) D:10
 Shoals (0/4) Lair:2       Spider (0/4) Lair:4        Slime (0/5) Lair:5
    Orc (2/2) D:12            Elf (0/3) Orc:2        Vaults (0/5) D:14
 Depths (0/5) D:15        Gauntlet (visited)

Altars:
Ashenzari
Cheibriados
Dithmenos
Elyvilon
Fedhas
Gozag
Hepliaklqana
Kikubaaqudgha
Makhleb
Nemelex Xobeh
Okawaru
Qazlal
Ru
Sif Muna
Trog
Uskayaw
Vehumet
Wu Jian
Xom
Yredelemnul
Zin
The Shining One
Beogh
Jiyva

Shops:
D:10 *   D:15 [   Orc:2 [:*?*[(


Message History

You now have 971 gold pieces (gained 20).
A fire giant comes into view.
It is wielding a +3 great sword of flaming.
Found a staircase to the Depths.
No reachable target in view!
No reachable target in view!
The fire giant points at you and mumbles some strange words.
The bolt of fire hits you!! The fire giant casts a spell at you.
The bolt of fire hits you!!
No reachable target in view!
Found 32 gold pieces.
No reachable target in view!
The fire giant casts a spell at you.
The fireball explodes!
The fireball engulfs you!!
You hear a shout!
You hear a horrible gurgling sound! x3
You hear a horrible gurgling sound!
The fire giant gestures at you while chanting.
The fireball explodes!
The fireball engulfs you!! 3 ugly things and a cyclops come into view.
The cyclops shouts!
The green ugly thing gurgles horribly! x3
You hear a horrible gurgling sound!
Found a robe.
The cyclops throws a large rock.
The large rock hits you but does no damage.
The cyclops throws a large rock.
You reflect the large rock off an invisible shield around you!
The large rock hits the cyclops!
The green ugly thing basks in the mutagenic energy from its kin and changes! x2
The fire giant casts a spell at you.
The fireball explodes!
The fireball engulfs you!!
* * * LOW HITPOINT WARNING * * *
You hear a horrible gurgling sound!
The fire giant points at you and mumbles some strange words.
The bolt of fire misses you.
As you read the scroll of teleportation, it crumbles to dust.
You feel strangely unstable. The fire giant casts a spell at you.
The fireball explodes!
The fireball engulfs you!!
You die...
Your body crumbles into a pile of gold.

#..[..$.....Cuuu..
.
####.#C##########
# #..C# ###.# #.#
#.# #.# #.# #@#
#.# #.# ..# ###


You could see a fire giant and a cyclops.

Vanquished Creatures
  An orc warlord (Orc:2)
  A minotaur (Gauntlet)
  Harold (Lair:1)
  Josephine (D:14)
  6 boulder beetles
  The ghost of Onwuirut the Pannier, a journeyman DsMo of Nemelex Xobeh (Lair:1)
  13 hydras
  An ogre mage (Orc:1)
  3 catoblepae
  9 two-headed ogres
  A centaur warrior (D:14)
  3 death yaks (Lair:6)
  7 orc high priests (Orc:2)
  2 tengu warriors (D:11)
  Urug (Lair:5)
  Nergalle (Lair:3)
  A fire crab (Lair:2)
  A glowing orange brain (D:15)
  Pikel (D:8)
  2 orc knights
  2 deep elf pyromancers
  An orb spider (Lair:4)
  7 ugly things
  4 oklob plants (Lair:3)
  3 cyclopes
  6 manticores
  A rust devil (Gauntlet)
  2 elephants (Lair:6)
  11 black mambas
  6 torpor snails
  17 cane toads
  2 rime drakes
  11 komodo dragons
  A komodo dragon (shapeshifter) (D:11)
  A minotaur zombie (Gauntlet)
  2 kobold demonologists (D:13)
  2 efreet (D:15)
  4 trolls
  3 meliai (D:13)
  2 polar bears
  A queen bee (shapeshifter) (D:14)
  A hornet (D:9)
  A raiju (Gauntlet)
  11 slime creatures
  3 dream sheep (Lair:6)
  36 blink frogs
  A shadow (D:12)
  A ynoxinul (Gauntlet)
  A centaur simulacrum (D:15)
  3 wyverns
  A fire bat (Lair:2)
  4 fire elementals (Lair:2)
  4 wraiths
  Eustachio (D:5)
  15 vampire mosquitoes
  3 basilisks
  52 yaks
  4 steam dragons
  An acid dragon (D:11)
  10 wargs
  26 water moccasins
  An ice beast (D:7)
  24 orc warriors
  A black bear (D:7)
  17 wolves
  A necrophage (D:5)
  8 ogres
  5 centaurs
  4 lemures (D:8)
  2 phantoms
  3 kobold brigands
  16 bullfrogs
  A bullfrog (shapeshifter) (D:14)
  A wyvern skeleton (D:5)
  2 scorpions
  21 killer bees
  5 wights (D:8)
  5 electric eels
  11 howler monkeys
  7 centaur zombies
  8 hounds
  2 jellies
  37 orc priests
  A centaur skeleton (D:4)
  A bullfrog zombie (D:6)
  2 iron imps (Gauntlet)
  Terence (D:3)
  3 iguanas
  Natasha (thrice) (D:4)
  20 orc wizards
  A hound zombie (D:5)
  A howler monkey zombie (D:8)
  3 gnolls (D:3)
  7 adders
  A shadow imp (D:7)
  4 white imps
  An adder skeleton (D:4)
  2 dart slugs
  87 orcs
  3 bats
  An endoplasm (shapeshifter) (D:14)
  7 endoplasms
  5 giant cockroaches
  8 goblins
  7 hobgoblins
  11 jackals
  2 quokkas (D:2)
  8 ball pythons
  5 frilled lizards
  19 kobolds
  10 rats
731 creatures vanquished.

Vanquished Creatures (others)
  2 dancing weapons (D:14)
  A ball python (D:3)
  A rat (D:3)
  30 fungi
  22 plants
56 creatures vanquished.

Grand Total: 787 creatures vanquished

Notes
Turn   | Place    | Note
-------+----------+-------------------------------------------
     0 | D:5      | flotson the Hill Orc Delver began the quest for the Orb.
     0 | D:5      | Reached XP level 1. HP: 19/19 MP: 1/1
    28 | D:5      | Noticed Eustachio
    40 | D:5      | Noticed a hound
    46 | D:5      | Noticed a scorpion
   327 | D:3      | Reached XP level 2. HP: 21/27 MP: 2/2
   722 | D:1      | Reached skill level 1 in Armour
   823 | D:1      | Reached skill level 4 in Fighting
   823 | D:1      | Reached XP level 3. HP: 33/33 MP: 3/3
  1240 | D:1      | Found a faded altar of an unknown god.
  1693 | D:1      | Reached skill level 1 in Evocations
  1697 | D:1      | Reached XP level 4. HP: 38/40 MP: 4/4
  2063 | D:2      | Noticed a phantom
  2096 | D:2      | Killed a phantom
  2097 | D:2      | Reached XP level 5. HP: 24/47 MP: 5/5
  2804 | D:3      | Reached skill level 1 in Throwing
  3628 | D:3      | Found a glowing golden altar of the Shining One.
  3631 | D:3      | Noticed an angel
  3643 | D:3      | Found a basalt altar of Yredelemnul.
  3646 | D:3      | Noticed a profane servitor
  3663 | D:3      | Noticed Terence
  3675 | D:3      | Killed Terence
  3922 | D:3      | Found a sacrificial altar of Ru.
  4036 | D:4      | Reached XP level 6. HP: 51/53 MP: 6/6
  4177 | D:4      | Identified the +0 ring mail of Catatonia {rC+}
  4468 | D:4      | Found an ancient bone altar of Kikubaaqudgha.
  4492 | D:4      | Reached skill level 5 in Fighting
  4514 | D:4      | Reached XP level 7. HP: 15/61 MP: 7/7
  5202 | D:4      | Found a large runed translucent door.
  5202 | D:4      | Found a large runed translucent door.
  5222 | D:4      | Noticed Natasha
  5233 | D:4      | Killed Natasha
  5350 | D:4      | Reached skill level 5 in Axes
  5423 | D:4      | Noticed Natasha
  5430 | D:4      | Killed Natasha
  5477 | D:4      | Noticed Natasha
  5484 | D:4      | Killed Natasha
  5948 | D:4      | Found a shimmering blue altar of Sif Muna.
  5958 | D:4      | Found a shadowy altar of Dithmenos.
  6133 | D:5      | Reached XP level 8. HP: 68/70 MP: 8/8
  6174 | D:5      | Identified the +1 helmet of Fanaticism {Drain rElec rC+}
  6420 | D:5      | Found a stormy altar of Qazlal.
  6430 | D:5      | Killed Eustachio
  6431 | D:5      | Reached skill level 6 in Fighting
  6590 | D:5      | Found a hide-covered altar of Uskayaw.
  7226 | D:6      | Reached skill level 1 in Shields
  7226 | D:6      | Reached XP level 9. HP: 60/78 MP: 9/9
  7460 | D:6      | Identified the +0 robe of Insecurity {Harm Str+5}
  8064 | D:6      | Found a staircase to the Ecumenical Temple.
  8074 | D:6      | Reached skill level 5 in Armour
  8079 | Temple   | Entered the Ecumenical Temple
  8957 | D:7      | Found an opulent altar of Gozag.
  8962 | D:7      | Became a worshipper of Gozag Ym Sagoz the Greedy
  9065 | D:7      | Reached skill level 7 in Fighting
  9409 | D:7      | Identified the +1 hunting sling "Guakeuw" {speed, Fragile
                  | rElec rF+ Int+4}
 10343 | D:8      | Reached skill level 5 in Evocations
 10482 | D:8      | Noticed Pikel
 10568 | D:8      | Killed Pikel
 10569 | D:8      | Reached XP level 10. HP: 33/88 MP: 10/10
 11151 | D:8      | Reached skill level 5 in Dodging
 11675 | D:9      | Reached skill level 8 in Fighting
 11675 | D:9      | Reached skill level 5 in Throwing
 12013 | D:9      | Noticed a two-headed ogre
 12018 | D:9      | Killed a two-headed ogre
 12144 | D:9      | Paralysed by a hornet for 2 turns
 13247 | D:10     | Entered Level 10 of the Dungeon
 13249 | D:10     | Found a staircase to the Lair.
 13276 | D:10     | Noticed a two-headed ogre
 13394 | D:10     | Found a snail-covered altar of Cheibriados.
 13514 | D:10     | Reached XP level 11. HP: 95/95 MP: 11/11
 13526 | D:10     | Reached skill level 1 in Crossbows
 13533 | D:10     | Reached skill level 5 in Shields
 13717 | D:10     | Found Xastryab's Assorted Antiques.
 13720 | D:10     | Bought a scroll labelled QETHIU BUIKUOSS for 30 gold pieces
 13720 | D:10     | Bought a scroll labelled CEZISE ONUU for 30 gold pieces
 13720 | D:10     | Bought 2 murky grey potions for 54 gold pieces
 13720 | D:10     | Bought 2 scrolls labelled QETHIU BUIKUOSS for 60 gold
                  | pieces
 14128 | D:10     | Killed a two-headed ogre
 14129 | D:10     | Reached skill level 9 in Fighting
 14451 | Lair:1   | Entered Level 1 of the Lair of Beasts
 15475 | Lair:1   | Found a runed translucent gate.
 15476 | Lair:1   | Found a runed translucent gate.
 15477 | Lair:1   | Found a runed translucent gate.
 15481 | Lair:1   | Noticed Onwuirut's ghost (journeyman DsMo)
 15629 | Lair:1   | Reached skill level 10 in Axes
 15658 | Lair:1   | Reached XP level 12. HP: 48/105 MP: 12/12
 16146 | Lair:1   | Noticed Harold
 16153 | Lair:1   | Killed Harold
 16254 | Lair:1   | Noticed a six-headed hydra
 16265 | Lair:1   | Killed a six-headed hydra
 17730 | Lair:1   | Reached skill level 10 in Fighting
 17948 | Lair:2   | Found a transporter.
 18189 | Lair:2   | Found a transporter.
 18306 | Lair:2   | Found a snail-covered altar of Cheibriados.
 18564 | Lair:2   | Found a staircase to the Shoals.
 18613 | Lair:2   | Noticed a four-headed hydra
 18622 | Lair:2   | Killed a four-headed hydra
 18682 | Lair:2   | Noticed a seven-headed hydra
 18695 | Lair:2   | Killed a seven-headed hydra
 18962 | Lair:2   | Identified the +1 war axe "Ahiorchaz" {flame, Fly}
 19241 | Lair:3   | Noticed a six-headed hydra
 19251 | Lair:3   | Killed a five-headed hydra
 19254 | Lair:3   | HP: 2/107 [komodo dragon (24)]
 19583 | Lair:3   | Noticed a six-headed hydra
 19593 | Lair:3   | Killed a four-headed hydra
 19594 | Lair:3   | Reached XP level 13. HP: 111/114 MP: 13/13
 20179 | Lair:3   | Noticed Nergalle
 20193 | Lair:3   | Killed Nergalle
 20194 | Lair:3   | Reached skill level 5 in Crossbows
 20290 | Lair:3   | Identified the amulet "Riwa" {Reflect rF+ Str+2 SH+5}
 21842 | Lair:4   | Reached skill level 11 in Fighting
 22143 | Lair:4   | Identified the +6 hand crossbow of Red Defence {flame,
                  | Str+4}
 22879 | Lair:4   | Found a hole to the Spider Nest.
 24159 | Lair:5   | Reached skill level 10 in Armour
 24667 | Lair:5   | Reached XP level 14. HP: 107/124 MP: 14/14
 24809 | Lair:5   | Noticed Urug
 24815 | Lair:5   | Killed Urug
 25330 | Lair:5   | Found a viscous altar of Jiyva.
 25330 | Lair:5   | Found a staircase to the Slime Pits.
 25675 | Lair:6   | Entered Level 6 of the Lair of Beasts
 25747 | Lair:6   | Found a gate leading to a gauntlet.
 25762 | Gauntlet | Entered a Gauntlet
 25762 | Gauntlet | Found a transporter.
 25795 | Gauntlet | Found a transporter.
 25798 | Gauntlet | Found a transporter.
 25809 | Gauntlet | Found a transporter.
 25812 | Gauntlet | Found a transporter.
 25821 | Gauntlet | Found a runed translucent gate.
 25821 | Gauntlet | Found a runed translucent gate.
 25821 | Gauntlet | Found a runed translucent gate.
 25825 | Gauntlet | Found a transporter.
 25841 | Gauntlet | Found a transporter.
 25854 | Gauntlet | Found a transporter.
 25858 | Gauntlet | Noticed an entropy weaver
 25866 | Gauntlet | Found a transporter.
 25871 | Gauntlet | Found a transporter.
 25888 | Gauntlet | Found a transporter.
 25899 | Gauntlet | Found a transporter.
 25901 | Gauntlet | Found a transporter.
 25954 | Gauntlet | Found a transporter.
 27494 | Lair:6   | Reached skill level 1 in Polearms
 28499 | Lair:6   | Reached skill level 12 in Fighting
 29435 | Lair:6   | Reached skill level 10 in Evocations
 30069 | Lair:2   | Reached XP level 15. HP: 57/133 MP: 15/15
 30363 | Lair:1   | Killed Onwuirut's ghost
 30625 | D:11     | Reached skill level 10 in Shields
 30643 | D:11     | Identified the ring of Light {rPois rCorr Str+6}
 31949 | D:12     | Found a staircase to the Orcish Mines.
 32754 | Orc:1    | Entered Level 1 of the Orcish Mines
 33416 | Orc:1    | Found a roughly hewn altar of Beogh.
 34439 | Orc:2    | Entered Level 2 of the Orcish Mines
 35076 | Orc:2    | Reached skill level 5 in Polearms
 35162 | Orc:2    | Found Sanug's Antique Weapon Shoppe.
 35173 | Orc:2    | Found Zilocw's General Store.
 35621 | Orc:2    | Found a roughly hewn altar of Beogh.
 35854 | Orc:2    | Found a staircase to the Elven Halls.
 36362 | Orc:2    | Found Dyer Ept's Book Shoppe.
 36362 | Orc:2    | Found Hugei's Antique Armour Shop.
 36379 | Orc:2    | Bought a pair of glowing gloves for 187 gold pieces
 36379 | Orc:2    | Bought a smoking helmet for 237 gold pieces
 36379 | Orc:2    | Identified the +0 helmet "Pugracs" {rF+} (You bought it in
                  | a shop on level 2 of the Orcish Mines)
 36451 | Orc:2    | Noticed an orc warlord
 36486 | Orc:2    | Reached skill level 13 in Fighting
 36489 | Orc:2    | Killed an orc warlord
 37018 | Orc:2    | Bought the ring of Tiuram {rPois rC++ EV+4} for 905 gold
                  | pieces
 37027 | Orc:2    | Bought a scroll of blinking for 90 gold pieces
 37027 | Orc:2    | Bought a scroll of holy word for 90 gold pieces
 37027 | Orc:2    | Bought a scroll of immolation for 42 gold pieces
 37027 | Orc:2    | Bought a scroll of silence for 90 gold pieces
 37027 | Orc:2    | Bought a scroll of identify for 24 gold pieces
 37030 | Orc:2    | Bought a potion of mutation for 96 gold pieces
 37030 | Orc:2    | Bought a scroll of identify for 24 gold pieces
 37030 | Orc:2    | Bought a scroll of identify for 24 gold pieces
 37035 | Orc:2    | Bought pearl-encrusted ice dragon scales for 2405 gold
                  | pieces
 37035 | Orc:2    | Identified the +6 ice dragon scales of Voheq {Drain rPois
                  | rF- rC++ rN+++ Dex-3} (You bought it in a shop on level 2
                  | of the Orcish Mines)
 38876 | D:14     | Reached XP level 16. HP: 117/143 MP: 16/16
 39208 | D:14     | Found a shimmering altar of Xom.
 39209 | D:14     | Found a shimmering altar of Xom.
 39210 | D:14     | Found a shimmering altar of Xom.
 39210 | D:14     | Found a shimmering altar of Xom.
 39211 | D:14     | Found a shimmering altar of Xom.
 39211 | D:14     | Found a shimmering altar of Xom.
 39212 | D:14     | Found a shimmering altar of Xom.
 39212 | D:14     | Found a shimmering altar of Xom.
 39338 | D:14     | Noticed Josephine
 39366 | D:14     | Killed Josephine
 39696 | D:14     | Found a gate to the Vaults.
 39865 | D:15     | Entered Level 15 of the Dungeon
 40149 | D:15     | Identified a scroll of acquirement
 40150 | D:15     | Acquired a manual of Shields
 40385 | D:15     | Found Zemekiej's Antique Armour Emporium.
 40747 | D:15     | Found a staircase to the Depths.
 40772 | D:15     | Killed from afar by a fire giant

Illustrated notes

Levels and vault maps discovered:
D:1:      lemuel_arrival_hallway, layout_loops_ring,
          shapermc_ecumenical_altar_starsandcircs, kennysheep_boxes
D:2:      layout_basic
D:3:      layout_basic, grunt_temple_overflow_holy_war, marbit_many_paths,
          mrwooster_statue_mirror, uniq_terence
D:4:      layout_cave_pods, jmf_multi_god_temple2, old_standard_altar,
          uniq_natasha
D:5:      layout_basic, nicolae_qazlal_eye_of_the_storm, lemuel_doored_altar,
          grunt_ministairs_15, grunt_decor_cap, uniq_eustachio
D:6:      layout_cave_pools, minmay_temple_entry_antechambers
D:7:      layout_loops_cross, kennysheep_little_box
D:8:      kennysheep_ambush_hall, layout_basic, uniq_pikel
D:9:      layout_roguey
D:10:     layout_roguey, old_standard_altar, erik_lair_island, serial_shops,
          kennysheep_mini_moat
D:11:     layout_loops_cross
D:12:     layout_basic, orc_0_dummy
D:13:     layout_cave_pods
D:14:     layout_long_grid, erik_vaults_1, serial_park_tiny_pond,
          xom_shifter_show, uniq_josephine
D:15:     grunt_enter_depths_giant_problem, layout_loops_ring,
          chequers_serial_rivers_small_a, serial_shops,
          nicolae_shop_overgrown_old_shop, yredelemnul_altar_generic
Temple:   hc_temple_tempest_star
Lair:1:   layout_long_grid, ebering_ghost_rock_garden, grunt_megastairs_4,
          uniq_harold
Lair:2:   gammafunk_cloud_chamber, layout_big_grid, shoals_dummy_entry,
          minivault_19, kennysheep_snail_temple
Lair:3:   layout_chaotic_city, infiniplex_staircase_pool,
          minmay_lair_oklob_chamber, lemuel_fruit_fields, lemuel_fruit_tree,
          uniq_nergalle
Lair:4:   layout_roguey, nicolae_spider_entry_orb_guardian, grunt_megastairs_2
Lair:5:   nzn_winding_woodlands_three_and_one
          [nzn_winding_woodlands_5x15_parted, nzn_winding_woodlands_5x15_zeroes,
          nzn_winding_woodlands_5x15_twine,
          nzn_winding_woodlands_center_triple_pond], layout_cave_pods,
          dpeg_slime_entry_enclosed_altar, lightli_volcano_entry_magma_tube,
          uniq_urug
Lair:6:   hangedman_lair_in_review, layout_cave_pods, gauntlet_entry_generic
Orc:1:    layout_caves, basic_altar, nooodl_orcs_dogs
Orc:2:    st_orc_town, layout_caves

Skill      XL: |  1  2  3  4  5  6  7  8  9 10 11 12 13 14 15 16 |
---------------+-------------------------------------------------+-----
Axes           | 3 4 5 6 7 9 10 11 12 | 12.4
Armour         | 1 2 3 4 5 6 7 9 10 11 12 | 12.0
Fighting       | 4 5 6 7 8 9 10 11 12 13 | 13.4
Dodging        | 2 3 4 5 6 7 8 9 |  9.7
Evocations     | 1 2 3 4 5 6 7 8 9 10 11 | 11.1
Throwing       | 1 2 3 4 5 6 |  6.0
Shields        | 1 3 4 6 7 8 9 10 11 | 11.3
Crossbows      | 3 4 6 7 8 |  8.5
Polearms       | 3 5 6 |  6.5
Stealth        | |  4.1

Action                   |  1- 3 |  4- 6 |  7- 9 | 10-12 | 13-15 | 16-18 || total
-------------------------+-------+-------+-------+-------+-------+-------++-------
Melee: Hand axe          |   183 |   182 |   365 |   223 |       |       ||   953
       War axe           |       |       |       |    13 |   213 |       ||   226
       Trident           |       |       |       |       |  1142 |   273 ||  1415
       Demon trident     |       |       |       |       |   164 |       ||   164
 Fire: Hand crossbow     |       |       |       |   408 |   204 |       ||   612
Throw: Dart              |       |    10 |    21 |    17 |    16 |       ||    64
Invok: Call Merchant     |       |       |       |       |     3 |       ||     3
Evoke: Wand              |       |       |       |    18 |    20 |     1 ||    39
       Lightning rod     |       |       |       |       |     4 |       ||     4
  Use: Scroll            |     2 |     1 |       |     9 |     7 |     3 ||    22
       Potion            |     1 |     4 |       |     6 |     5 |       ||    16
 Stab: Sleeping          |     4 |     1 |       |       |    10 |       ||    15
       Distracted        |       |       |     1 |     3 |     5 |       ||     9
Armor: Leather armour    |     5 |       |       |       |       |       ||     5
       Scale mail        |    96 |    52 |       |       |       |       ||   148
       Ring mail         |       |    23 |    97 |   109 |    59 |       ||   288
       Robe              |       |       |       |       |   135 |       ||   135
       Ice dragon scales |       |       |       |       |    44 |    70 ||   114
Dodge: Dodged            |    95 |   148 |   258 |   287 |   757 |   146 ||  1691
Block: Kite shield       |       |       |   105 |   290 |  1354 |   194 ||  1943
       Reflection        |       |       |       |       |    25 |     6 ||    31

Table legend: (Time is in decaauts)
 A = Elapsed time spent in this place.
 B = Non-inter-level travel time spent in this place.
 C = Inter-level travel time spent in this place.
 D = Time resting spent in this place.
 E = Time spent auto-exploring this place.
 F = Levels seen in this place.
 G = Mean time per level.
                   A        B        C        D        E       F      G
               +--------+--------+--------+--------+--------+-----+--------+
         Total |  41230 |  39482 |   1748 |   2700 |  30250 |  25 | 1649.2 |
       Dungeon |  20180 |  19120 |   1060 |   1483 |  14477 |  15 | 1345.3 |
        Temple |    442 |    410 |     32 |      0 |    409 |   1 |  442.0 |
          Lair |  15214 |  14656 |    558 |    713 |  11697 |   6 | 2535.7 |
  Orcish Mines |   4036 |   3939 |     97 |    502 |   2563 |   2 | 2018.0 |
      Gauntlet |   1355 |   1355 |      0 |      2 |   1103 |   1 | 1355.0 |
               +--------+--------+--------+--------+--------+-----+--------+

Top non-repeatable levels by time:
  Lair:1: 3745 daAuts
  Lair:6: 2872 daAuts
  Lair:5: 2532 daAuts
     D:4: 2299 daAuts
   Orc:2: 2297 daAuts
  Lair:3: 2280 daAuts
     D:8: 1926 daAuts
  Lair:2: 1917 daAuts
  Lair:4: 1865 daAuts
   Orc:1: 1739 daAuts
     D:2: 1512 daAuts
    D:12: 1433 daAuts
     D:6: 1428 daAuts
Gauntlet: 1355 daAuts
    D:11: 1330 daAuts
